Map: Catalyst LE

Players

Ikaruga

  • Race: Terran Terran
  • League: Master
  • Spawn Location: 11:00

SNaYpEROk - Winner!

  • Race: Terran Terran
  • League: Diamond
  • Spawn Location: 5:00

VOD

Have the link to the VOD?

Description

Time

  • Played on: March 26, 2018, 2:23 p.m.
  • Length: 16:00
Show
View Real Time Build Order
Export as new Build Order

Ikaruga Terran 

Build Orders: Mech 

Get SALT Encoding   

  12  0:02  SCV  
  13  0:14  SCV  
  13  0:18  Supply Depot  
  14  0:27  SCV  
  15  0:40  SCV  
  15  0:42  Barracks  
  16  0:51  Refinery  
  16  0:52  SCV  
  17  1:01  Refinery  
  17  1:04  SCV  
  18  1:16  SCV  
  19  1:28  Marine  
  19  1:30  Supply Depot  
  19  1:31  Orbital Command  
  20  1:46  Marine  
  21  1:58  SCV  
  21  2:04  Factory, Marine  
  22  2:12  SCV  
  23  2:22  Supply Depot, Marine  
  24  2:24  SCV  
  25  2:36  SCV  
  26  2:47  Factory Tech Lab, Barracks Reactor  
  26  2:52  Starport  
  26  2:54  SCV  
  27  3:00  Supply Depot  
  27  3:05  Siege Tank  
  30  3:24  Marine x2  
  32  3:28  Medivac  
  34  3:38  Siege Tank  
  37  3:42  Marine x2  
  37  3:43  Supply Depot  
  38  3:58  Medivac  
  38  4:00  Marine x2  
  42  4:07  Supply Depot  
  42  4:10  Siege Tank  
  45  4:18  Marine x2  
  47  4:25  Supply Depot  
  47  4:37  Marine x2  
  49  4:42  Siege Tank  
  52  4:55  Medivac  
  54  5:04  Command Center  
  53  5:29  Siege Tank, Marine x2  
  41  6:23  SCV  
  41  6:25  Command Center  
  42  6:28  Siege Tank  
  45  6:35  SCV  
  46  6:40  Orbital Command  
  46  6:45  Viking  
  48  6:47  SCV  
  49  6:58  Factory  
  49  7:00  SCV  
  50  7:02  Factory  
  50  7:08  SCV  
  51  7:12  SCV  
  52  7:20  SCV  
  52  7:21  Liberator  
  53  7:24  SCV  
  54  7:30  Refinery  
  54  7:31  Refinery  
  54  7:32  SCV  
  54  7:36  SCV  
  59  7:44  SCV  
  59  7:45  Factory Tech Lab, Factory Reactor  
  59  7:48  SCV  
  61  7:55  Siege Tank  
  61  7:56  SCV  
  61  7:57  Viking  
  67  8:00  SCV  
  67  8:01  Supply Depot  
  67  8:04  Supply Depot  
  68  8:08  SCV  
  68  8:12  SCV  
  71  8:20  SCV  
  71  8:24  SCV  
  71  8:25  Siege Tank  
  76  8:29  Orbital Command  
  76  8:32  SCV  
  76  8:36  SCV  
  77  8:43  Siege Tank  
  77  8:44  SCV, Viking  
  77  8:45  Viking  
  85  8:48  SCV  
  86  8:56  SCV  
  86  8:57  Factory, SCV  
  86  9:00  SCV  
  86  9:02  Siege Tank  
  92  9:09  SCV x2  
  94  9:13  SCV  
  95  9:17  Armory x2  
  95  9:19  Siege Tank  
  95  9:21  SCV x2  
  100  9:28  Viking  
  100  9:29  Viking  
  100  9:30  SCV  
  105  9:38  SCV  
  105  9:39  SCV  
  105  9:41  Refinery x2  
  105  9:44  Supply Depot x2, SCV  
  108  9:49  Siege Tank  
  108  9:52  SCV  
  112  9:56  Factory Tech Lab  
  112  9:57  SCV, Starport  
  112  9:58  SCV  
  114  10:04  Viking  
  114  10:06  Viking  
  118  10:10  SCV x2, Engineering Bay  
  120  10:15  Supply Depot  
  120  10:16  Supply Depot  
  119  10:23  Terran Vehicle And Ship Armor Level 1, Terran Vehicle Weapons Level 1  
  119  10:29  Command Center  
  119  10:34  Siege Tank x2  
  125  10:47  Fusion Core  
  125  10:51  Liberator x2  
  125  10:53  Supply Depot, Liberator  
  125  10:55  Supply Depot x2  
  125  10:59  Missile Turret  
  125  11:05  Missile Turret  
  125  11:09  Missile Turret  
  134  11:12  Missile Turret  
  134  11:13  Missile Turret  
  134  11:34  Liberator x2, Refinery  
  134  11:40  Refinery  
  134  11:46  Command Center  
  134  11:47  SCV x2  
  134  11:48  SCV  
  143  11:54  Starport Tech Lab  
  143  11:58  Liberator  
  143  11:59  Missile Turret  
  143  12:09  Command Center  
  146  12:20  Thor  
  151  12:25  Advanced Ballistics, Missile Turret  
  103  12:59  Siege Tank x2  
  103  13:03  Siege Tank  
  93  13:13  Hellion x2  
  95  13:25  SCV  
  95  13:26  SCV x2  
  96  13:31  Siege Tank x2  
  96  13:33  Raven  
  104  13:34  Hellion  
  104  13:35  SCV x2  
  108  13:47  Thor  
  114  13:54  Orbital Command  
  114  13:56  SCV x3  
  114  13:59  Planetary Fortress  
  114  14:01  Planetary Fortress  
  117  14:12  SCV x2  
  117  14:13  SCV  
  117  14:16  Raven  
  122  14:18  Siege Tank x2  
  122  14:20  Viking  
  122  14:21  Viking  
  132  14:32  Siege Tank  
  132  14:36  SCV  
  132  14:37  SCV x2  
  97  15:02  Siege Tank x2  
  97  15:03  Viking  
  97  15:04  Viking x2  
  81  15:22  Missile Turret  
  81  15:23  Missile Turret  
  81  15:25  Siege Tank, Hellion, Missile Turret  
  81  15:26  Missile Turret  
  81  15:27  Hellion  
Show
View Real Time Build Order
Export as new Build Order

SNaYpEROk Terran - Winner!

Build Orders: Cyclone Opening, Mech 

Get SALT Encoding   

  12  0:01  SCV  
  13  0:13  SCV  
  14  0:17  Supply Depot  
  14  0:25  SCV  
  15  0:39  SCV  
  15  0:41  Barracks  
  16  0:51  SCV  
  16  0:52  Refinery  
  17  1:03  SCV  
  18  1:15  SCV  
  19  1:27  Orbital Command  
  19  1:29  Marine  
  20  1:47  Marine  
  20  1:53  Command Center  
  21  2:01  Factory  
  21  2:10  Supply Depot  
  21  2:16  SCV  
  21  2:21  Barracks Reactor  
  22  2:28  SCV  
  23  2:35  Supply Depot  
  23  2:37  Refinery  
  23  2:40  SCV  
  24  2:49  Cyclone  
  27  2:58  Marine x2  
  27  3:01  SCV  
  27  3:05  Orbital Command  
  30  3:15  Supply Depot  
  30  3:16  Marine x2  
  32  3:21  Cyclone  
  32  3:23  SCV  
  36  3:34  Marine x2  
  36  3:37  Orbital Command  
  38  3:45  SCV  
  39  3:53  Cyclone  
  39  3:55  Starport  
  42  3:57  SCV  
  42  4:00  Refinery  
  43  4:09  SCV  
  44  4:14  Barracks Tech Lab  
  44  4:18  Factory  
  44  4:21  SCV  
  44  4:33  SCV  
  44  4:37  SCV  
  46  4:40  Refinery  
  46  4:45  SCV, Viking  
  49  4:48  Engineering Bay  
  49  4:49  SCV  
  50  4:55  Siege Tank  
  50  4:57  SCV  
  54  5:01  SCV  
  54  5:02  Hellion x2  
  59  5:09  SCV  
  59  5:12  Armory  
  59  5:13  SCV  
  61  5:21  SCV  
  61  5:27  Supply Depot  
  62  5:29  Supply Depot  
  62  5:31  Supply Depot  
  62  5:45  SCV  
  62  5:48  SCV, Viking  
  62  5:49  Hellion x2  
  69  5:50  Siege Tank  
  72  6:00  SCV  
  65  6:12  Hellion x2  
  66  6:22  Siege Tank  
  66  6:23  Starport Tech Lab  
  66  6:24  SCV x2  
  71  6:28  Terran Vehicle Weapons Level 1  
  71  6:33  Factory x2  
  71  6:36  SCV  
  71  6:39  SCV  
  73  6:40  Missile Turret  
  73  6:41  Missile Turret  
  73  6:42  Missile Turret  
  73  6:45  Missile Turret  
  73  6:48  SCV  
  73  6:51  SCV, Hellion x2  
  79  6:57  Missile Turret  
  79  7:01  SCV, Missile Turret  
  80  7:06  Missile Turret, Banshee  
  83  7:13  Cloaking Field  
  83  7:17  Armory  
  83  7:18  Factory Tech Lab  
  83  7:20  Factory Tech Lab  
  83  7:35  Refinery  
  83  7:44  Thor  
  83  7:46  Command Center  
  83  7:49  Banshee  
  83  7:50  Supply Depot  
  92  7:52  Supply Depot  
  92  8:03  Siege Tank x2, SCV, Starport  
  99  8:06  SCV  
  100  8:15  Terran Vehicle And Ship Armor Level 1  
  100  8:16  Supply Depot  
  100  8:21  SCV x2  
  100  8:22  Refinery  
  102  8:30  Terran Vehicle Weapons Level 2  
  102  8:33  SCV x2  
  104  8:36  Banshee  
  104  8:40  Hellbat  
  109  8:45  SCV  
  110  8:49  Thor  
  116  8:58  Starport Reactor  
  116  9:05  Siege Tank  
  116  9:07  Supply Depot  
  119  9:10  Thor  
  119  9:12  Supply Depot  
  119  9:13  SCV x3  
  128  9:22  Liberator  
  128  9:25  SCV x2  
  128  9:27  Banshee  
  133  9:36  Viking  
  135  9:45  Supply Depot, Hi-Sec Auto Tracking  
  138  9:48  Infernal Pre-Igniter  
  138  9:50  SCV  
  139  9:57  Liberator, Planetary Fortress  
  139  10:03  Command Center, Missile Turret  
  139  10:04  Missile Turret  
  139  10:06  Missile Turret  
  138  10:17  Banshee  
  144  10:24  Siege Tank, Hellbat x2  
  144  10:25  Hellbat x2  
  155  10:30  Viking  
  155  10:34  SCV  
  155  10:35  SCV x2  
  160  10:45  Starport  
  160  10:46  SCV, Hellbat  
  160  10:47  SCV x2  
  160  10:48  Starport  
  165  10:55  Supply Depot  
  165  10:56  Supply Depot  
  165  10:59  Terran Vehicle Weapons Level 3  
  165  11:04  Terran Vehicle And Ship Armor Level 2  
  165  11:17  SCV x2, Viking  
  169  11:21  Supply Depot  
  169  11:22  Supply Depot  
  169  11:28  Starport Reactor  
  169  11:29  Starport Reactor  
  169  11:32  Viking x2  
  173  11:37  Siege Tank  
  176  11:40  Hellbat x2  
  176  11:44  SCV x2  
  182  11:49  Planetary Fortress  
  182  11:50  Refinery  
  182  12:00  Factory  
  182  12:02  Viking  
  182  12:03  Viking  
  186  12:16  Refinery  
  186  12:18  Viking x3  
  186  12:19  Viking  
  194  12:28  Banshee  
  197  12:37  Armory  
  197  12:42  Viking  
  189  12:50  Viking x4  
  189  12:51  Viking  
  155  12:53  Hellbat x3  
  155  12:54  Hellbat  
  129  13:07  Hellbat  
  129  13:11  Viking  
  129  13:12  Viking  
  122  13:20  Viking  
  114  13:28  Cyclone  
  114  13:29  Hellbat x3  
  114  13:30  Factory Tech Lab  
  114  13:32  Factory  
  123  13:40  Terran Ship Weapons Level 1  
  123  13:43  Hellbat  
  123  13:44  SCV  
  126  13:50  Hellbat x3  
  132  14:10  Thor x2  
  132  14:16  Hellbat x2  
  148  14:18  Factory Tech Lab  
  148  14:23  Command Center  
  148  14:25  Factory  
  126  15:03  Viking x4  
  126  15:05  Widow Mine, Cyclone  
  126  15:06  Hellbat x4  
  126  15:07  Hellbat  
  143  15:13  Viking x2  
  136  15:27  Cyclone, Hellbat x2  
  136  15:28  Widow Mine  
Tags
 
Composition
MechMech
Matchup
TvT
Race
Terran
Spawn Locations
Cross Positions
Add a new tag
Caveats
  • Supply blocks, unpowered buildings, or Contaminate may cause inaccurate times.
  • Supply counts are checked every 10 seconds.